 Dungeon Crawl Stone Soup version 0.28.0-1-gb440e238dd (webtiles) character file.

Game seed: 9840334002468321042

27 mortz the Conjurer (level 3, -2/24 HPs)
             Began as a Human Conjurer on Feb 23, 2022.
             Slain by an adder (4 damage)
             ... on level 2 of the Dungeon.
             The game lasted 00:03:34 (1295 turns).

mortz the Conjurer (Human Conjurer)                 Turns: 1295, Time: 00:03:35

Health: -2/24      AC:  2    Str:  7    XL:     3   Next: 25%
Magic:  1/6        EV: 12    Int: 20    God:
Gold:   28         SH:  0    Dex: 11    Spells: 3/6 levels left

rFire   . . .      SeeInvis .   g - +0 short sword
rCold   . . .      Faith    .   (no shield)
rNeg    . . .      Spirit   .   a - +0 robe
rPois   .          Reflect  .   (no helmet)
rElec   .          Harm     .   (no cloak)
rCorr   .          Rampage  .   (no gloves)
Will    .....                   (no boots)
Stlth   ++........              (no amulet)
HPRegen 0.08/turn               (no ring)
MPRegen 0.10/turn               (no ring)

@: lethally poisoned (-2 -> -4)
A: no striking features
a: no special abilities


You were on level 2 of the Dungeon.
You visited 1 branch of the dungeon, and saw 2 of its levels.

You collected 28 gold pieces.

Inventory:

Hand Weapons
 b - a +0 whip
 c - a +0 club
 g - a +0 short sword (weapon)
Missiles
 e - 17 stones
Armour
 a - a +0 robe (worn)
 h - a +0 ring mail
Scrolls
 f - a scroll of teleportation {unknown}
Potions
 d - a potion of flight {unknown}


   Skills:
 + Level 2.4 Dodging
 + Level 2.0 Stealth
 + Level 0.1 Unarmed Combat
 + Level 2.0 Spellcasting
 + Level 4.6 Conjurations


You had 3 spell levels left.
You knew the following spells:

 Your Spells              Type           Power      Damage    Failure   Level
a - Magic Dart            Conj           80%        1d7       2%          1
b - Searing Ray           Conj           40%        2d5       3%          2

Your spell library contained the following spells:

 Spells                   Type           Power      Damage    Failure   Level
 Dazzling Flash           Conj/Hex       22%        N/A       19%         3
 Fulminant Prism          Conj/Hex       5%         3d7       52%         4
 Iskenderun's Mystic Bla  Conj/Tloc      11%        2d4       52%         4


Dungeon Overview and Level Annotations

Branches:
Dungeon (2/15)

Altars:


Message History

You climb downwards.
The adder bites you. The adder bites you but does no damage.
There is a stone staircase leading up here.
Casting: Searing Ray (safe; 3% risk of failure)
Confirm with . or Enter, or press ? or * to list all spells.
Aiming: Searing Ray (safe; 3% risk of failure)
Press: ? - help, Shift-Dir - straight line, f - adder
Aim: an adder (63% to hit)
The searing ray misses the adder. (Press . to maintain the ray.)
The adder closely misses you.
The searing ray misses the adder.
The adder closely misses you. The adder bites you.
You are poisoned.
The adder poisons you!
The searing ray hits the adder.
The adder is moderately wounded.
You feel sick. The adder bites you.
You are lethally poisoned!
The adder poisons you!
The searing ray misses the adder.
You finish channelling your searing ray.
* * * LOW HITPOINT WARNING * * *
You feel sick. The adder barely misses you.
* * * LOW HITPOINT WARNING * * *
You feel sick. The adder barely misses you.
The adder bites you but does no damage.
You miss the adder.
The adder is moderately wounded.
* * * LOW HITPOINT WARNING * * *
You feel sick. The adder closely misses you.
You hit the adder but do no damage.
The adder is moderately wounded.
* * * LOW HITPOINT WARNING * * *
You feel sick. The adder closely misses you.
You closely miss the adder.
The adder is moderately wounded.
* * * LOW HITPOINT WARNING * * *
You feel sick. The adder bites you.
You die...

......#...##.##...
#.....<......##.#
#.....)........#
##..............######
.....................####
.#.............#.).......#
#.......[.......###......
#####.........#.# ###...
##....@รทรท..#.# ##
........S...#..
##############.. #.#


You could see an adder.

Vanquished Creatures
  An adder (D:2)
  4 ball pythons
  An endoplasm (D:1)
  A giant cockroach (D:1)
  2 goblins
  2 jackals (D:1)
  3 kobolds
  3 rats (D:1)
17 creatures vanquished.

Notes
Turn   | Place    | Note
-------+----------+-------------------------------------------
     0 | D:1      | mortz the Human Conjurer began the quest for the Orb.
     0 | D:1      | Reached XP level 1. HP: 13/13 MP: 3/3
   360 | D:1      | Reached XP level 2. HP: 19/19 MP: 3/5
   365 | D:1      | Learned a level 2 spell: Searing Ray
  1074 | D:2      | Reached XP level 3. HP: 8/24 MP: 1/6
  1295 | D:2      | Slain by an adder

Illustrated notes

Levels and vault maps discovered:
D:1:      matt_arrival_grand_opening, layout_basic
D:2:      layout_rooms, chequers_ecumenical_altar_island, minmay_cupped

Action                   || total
-------------------------++-------
Melee: Unarmed           ||    10
       Short sword       ||     9
 Cast: Magic Dart        ||    20
       Searing Ray       ||     3
Armor: Robe              ||     6
Dodge: Dodged            ||    18
